 Dungeon Crawl Stone Soup version 0.24-a0 (webtiles) character file.

Game seed: 3899246880433447426

18694 qdestroyer the Cleaver (level 12, 0/106 HPs)
             Began as a Minotaur Fighter on Jan 29, 2019.
             Was an Elder of Trog.
             Slain by a worker ant (2 damage)
             ... on level 12 of the Dungeon.
             The game lasted 00:27:04 (10583 turns).

qdestroyer the Cleaver (Minotaur Fighter)          Turns: 10583, Time: 00:27:05

Health: 0/106      AC: 11    Str: 27      XL:     12   Next: 30%
Magic:  11/11      EV: 12    Int:  5      God:    Trog [****..]
Gold:   713        SH:  0    Dex:  8 (9)  Spells: 11/11 levels left

rFire    . . .     SeeInvis .   H - +9 battleaxe
rCold    . . .     Gourm    .   (shield currently unavailable)
rNeg     + . .     Faith    .   b - +0 scale mail
rPois    .         Spirit   .   (helmet restricted)
rElec    .         Reflect  .   t - +1 cloak
rCorr    .         Harm     .   (no gloves)
MR       +....                  (no boots)
Stlth    ..........             (no amulet)
HPRegen  0.27/turn              e - ring of protection from magic
MPRegen  0.12/turn              k - ring of positive energy

@: berserk cooldown, slowed, very slow
A: retaliatory headbutt, horns 2, deterioration 1
a: Berserk, Trog's Hand, Brothers in Arms, Renounce Religion


You were on level 12 of the Dungeon.
You worshipped Trog.
Trog was greatly pleased with you.
You were very hungry.

You visited 2 branches of the dungeon, and saw 13 of its levels.
You also visited: Sewer.

You collected 791 gold pieces.
You spent 78 gold pieces at shops.

Inventory:

Hand Weapons
 H - a +9 battleaxe (weapon)
Armour
 b - a +0 scale mail (worn)
 t - a +1 cloak (worn)
Jewellery
 e - a ring of protection from magic (left hand)
 k - a ring of positive energy (right hand)
Wands
 p - a wand of flame (21)
 D - a wand of paralysis (8)
 F - a wand of disintegration (10)
 G - a wand of digging (11)
Scrolls
 i - a scroll of enchant weapon
 j - a scroll of enchant armour
 l - 6 scrolls of teleportation
 m - 3 scrolls of fear
 o - a scroll of acquirement {unknown}
 q - 2 scrolls of magic mapping
 w - a scroll of holy word {unknown}
 x - a scroll of identify
 y - 2 scrolls of remove curse
Potions
 a - 2 potions of cancellation
 c - a potion of berserk rage
 d - 2 potions of might
 g - 3 potions of flight
 h - 8 potions of curing
 n - a potion of mutation
 r - 2 potions of ambrosia
 s - 8 potions of heal wounds
 u - 3 potions of haste
 v - a potion of magic
 z - 4 potions of agility
 A - 3 potions of lignification {unknown}
 B - a potion of degeneration {unknown}
Miscellaneous
 C - a sack of spiders
Comestibles
 f - 2 rations


   Skills:
 + Level 10.0 Fighting
 + Level 12.0(13.2) Axes
   Level 9.9(12.2) Maces & Flails
 + Level 10.4 Armour
 + Level 6.0 Dodging
 + Level 1.3 Stealth
   Level 11.7 Shields


You had 11 spell levels left.
You didn't know any spells.
Your spell library was empty.

Dungeon Overview and Level Annotations

Branches:
Dungeon (12/15)            Temple (1/1) D:7            Lair (0/6) D:9
    Orc (0/2) D:11

Altars:
Ashenzari
Cheibriados
Dithmenos
Elyvilon
Fedhas
Gozag
Hepliaklqana
Kikubaaqudgha
Makhleb
Nemelex Xobeh
Okawaru
Qazlal
Ru
Sif Muna
Trog
Uskayaw
Vehumet
Wu Jian
Xom
Yredelemnul
Zin
The Shining One

Shops:
D:5 [}   D:9 ?


Innate Abilities, Weirdness & Mutations

You reflexively headbutt those who attack you in melee.
You have a pair of horns on your head.
Your body sometimes deteriorates upon taking damage.


Message History

You kill the orc!
Trog accepts your kill.
You slice the orc!!
You kill the orc!
Trog accepts your kill.
You slice the howler monkey!!
You kill the howler monkey!
Trog accepts your kill.
Your base Axes skill increases to level 12!
The orc warrior hits you with a +0 mace.
* * * LOW HITPOINT WARNING * * *
The orc warrior hits you with a +0 mace!
* * * LOW HITPOINT WARNING * * *
You closely miss the orc warrior.
The orc warrior is heavily wounded.
You slash the worker ant!
Your skin stops crawling.
You feel less resistant to hostile enchantments.
The worker ant bites you.
You die...

............##
.............##
#............##
#..?..........##
#....h.........##
#..!..h.........##
##....a)..........##
......o@)..........##
......))...........>#
.........†...........
....................#
..........†$.......#
##%...............#
#..<............##
#..............##
#.............##


You could see an orc warrior, 2 howler monkeys and a worker ant.

Vanquished Creatures
  A fire dragon (D:11)
  An ogre mage (D:11)
  A hydra (D:11)
  A two-headed ogre (D:9)
  Urug (D:11)
  3 ugly things
  A cyclops (D:11)
  A manticore (D:12)
  Psyche (D:8)
  A centaur skeleton (D:11)
  A komodo dragon (D:9)
  A troll (D:12)
  3 hippogriffs
  Sigmund (D:3)
  2 shadows (D:11)
  3 wyverns
  21 yaks
  2 hungry ghosts
  2 wargs (D:11)
  A water moccasin (D:9)
  3 orc warriors
  4 sky beasts
  An eye of draining (D:11)
  7 ice beasts
  3 black bears
  5 phantoms
  A necrophage (D:8)
  A hornet zombie (D:8)
  11 ogres
  12 centaurs
  A big kobold (D:7)
  5 bullfrogs
  2 wyvern zombies
  2 scorpions
  7 killer bees (D:10)
  4 howler monkeys
  5 crimson imps
  5 bullfrog zombies
  A lava snake (D:10)
  5 hounds
  10 jellies
  2 bullfrog skeletons (D:5)
  7 orc priests
  An iguana (D:8)
  Jessica (D:2)
  10 orc wizards
  10 worker ants
  A killer bee zombie (D:5)
  A hound zombie (D:11)
  A hound skeleton (D:7)
  A howler monkey zombie (D:11)
  A howler monkey skeleton (D:9)
  10 adders
  10 gnolls
  A shadow imp (D:7)
  An ooze (D:2)
  2 adder zombies
  An adder skeleton (D:4)
  3 worms (D:3)
  4 leopard geckos
  46 orcs
  8 bats
  7 giant cockroaches
  8 goblins
  6 hobgoblins
  11 jackals
  12 kobolds
  8 quokkas
  6 ball pythons
  13 frilled lizards
  4 rats
341 creatures vanquished.

Vanquished Creatures (others)
  A plant (D:9)
1 creature vanquished.

Grand Total: 342 creatures vanquished

Notes
Turn   | Place    | Note
-------+----------+-------------------------------------------
     0 | D:1      | qdestroyer the Minotaur Fighter began the quest for the
                  | Orb.
     0 | D:1      | Reached XP level 1. HP: 19/19 MP: 0/0
   162 | D:1      | Reached XP level 2. HP: 27/27 MP: 1/1
   653 | D:2      | Noticed Jessica
   656 | D:2      | Killed Jessica
   656 | D:2      | Reached XP level 3. HP: 33/33 MP: 2/2
  1517 | D:3      | Found an iron altar of Okawaru.
  1525 | D:3      | Reached XP level 4. HP: 27/40 MP: 3/3
  1540 | D:3      | Found a sparkling altar of Nemelex Xobeh.
  1596 | D:3      | Found a stormy altar of Qazlal.
  1600 | D:3      | Reached skill level 1 in Maces & Flails
  1630 | D:3      | Reached skill level 1 in Dodging
  1676 | D:3      | Noticed Sigmund
  1691 | D:3      | Killed Sigmund
  1691 | D:3      | Reached skill level 5 in Armour
  1691 | D:3      | Reached skill level 5 in Shields
  1691 | D:3      | Reached XP level 5. HP: 22/47 MP: 4/4
  1691 | D:3      | Reached XP level 6. HP: 25/53 MP: 5/5
  1766 | D:3      | Found a glowing golden altar of the Shining One.
  1928 | D:3      | Found a glowing drain.
  1939 | Sewer    | Entered a sewer
  2765 | D:4      | Reached XP level 7. HP: 59/60 MP: 6/6
  2808 | D:4      | Got a clouded silver amulet
  2964 | D:4      | Got a twisted hand axe
  3372 | D:5      | Entered Level 5 of the Dungeon
  3419 | D:5      | Reached skill level 5 in Fighting
  3459 | D:5      | Found Ciedocw's Antique Armour Shoppe.
  3496 | D:5      | Found Aheygumi's Gadget Emporium.
  3516 | D:5      | Reached skill level 5 in Maces & Flails
  3680 | D:5      | Reached XP level 8. HP: 45/68 MP: 7/7
  4434 | D:6      | Found a hazy altar of Hepliaklqana.
  4516 | D:6      | Found a white marble altar of Elyvilon.
  4628 | D:7      | Found a staircase to the Ecumenical Temple.
  4640 | Temple   | Entered the Ecumenical Temple
  4653 | Temple   | Became a worshipper of Trog the Wrathful
  4830 | D:7      | Reached XP level 9. HP: 24/78 MP: 8/8
  5239 | D:7      | Found a shadowy altar of Dithmenos.
  5273 | D:7      | Found an opulent altar of Gozag.
  5430 | D:7      | Found an ancient bone altar of Kikubaaqudgha.
  5437 | D:7      | Found an ornate altar of the Wu Jian Council.
  5559 | D:7      | Reached * piety under Trog
  5883 | D:8      | Found a burning altar of Makhleb.
  6078 | D:8      | Noticed Psyche
  6084 | D:8      | Killed Psyche
  6359 | D:9      | Reached ** piety under Trog
  6369 | D:9      | Noticed a two-headed ogre
  6376 | D:9      | Killed a two-headed ogre
  6376 | D:9      | Reached XP level 10. HP: 76/86 MP: 9/9
  6455 | D:9      | Found Fiheocw's Magic Scroll Shoppe.
  6463 | D:9      | Bought a scroll of remove curse for 39 gold pieces
  6463 | D:9      | Bought a scroll of remove curse for 39 gold pieces
  6463 | D:9      | Identified the +1 hand axe "Aubergine" {chop, *Contam rN+
                  | MR+} (You found it on level 4 of the Dungeon)
  6465 | D:9      | Identified the amulet "Fil Beakk" {Faith *Corrode rPois
                  | rC++ MR+++ Slay-2} (You found it on level 4 of the Dungeon)
  6516 | D:9      | Reached skill level 10 in Shields
  6614 | D:9      | Reached skill level 3 in Axes
  6926 | D:9      | Found a staircase to the Lair.
  6969 | D:9      | Found a basalt altar of Yredelemnul.
  7177 | D:9      | Reached skill level 1 in Stealth
  7278 | D:10     | Entered Level 10 of the Dungeon
  7283 | D:10     | Reached skill level 4 in Axes
  7542 | D:10     | Reached skill level 5 in Axes
  7740 | D:10     | Got a bound tin ring
  8011 | D:10     | Reached skill level 6 in Axes
  8201 | D:11     | Reached XP level 11. HP: 95/95 MP: 10/10
  8274 | D:11     | Reached skill level 5 in Dodging
  8278 | D:11     | Reached *** piety under Trog
  8282 | D:11     | Reached skill level 7 in Axes
  8625 | D:11     | Noticed Urug
  8643 | D:11     | Killed Urug
  8643 | D:11     | Reached skill level 8 in Axes
  8711 | D:11     | Gained mutation: Your body sometimes deteriorates upon
                  | taking damage. [mutagenic glow]
  8854 | D:11     | Identified the cursed ring of Piamerch {rF+ Str-3 Int+4
                  | Dex-5 SInv} (You found it on level 10 of the Dungeon)
  8952 | D:11     | Found a staircase to the Orcish Mines.
  9078 | D:11     | Noticed a cyan ugly thing
  9080 | D:11     | Killed a cyan ugly thing
  9082 | D:11     | Noticed a red ugly thing
  9094 | D:11     | Killed a red ugly thing
  9094 | D:11     | Reached skill level 9 in Axes
  9095 | D:11     | Noticed a fire dragon
  9452 | D:11     | Noticed an ogre mage
  9462 | D:11     | Killed an ogre mage
  9498 | D:12     | Reached skill level 10 in Axes
  9499 | D:12     | Noticed a green ugly thing
  9508 | D:12     | Killed a green ugly thing
  9508 | D:12     | Reached skill level 10 in Armour
  9759 | D:11     | Killed a fire dragon
  9822 | D:11     | Reached XP level 12. HP: 95/105 MP: 11/11
  9868 | D:11     | Reached skill level 11 in Axes
  9927 | D:11     | Noticed a four-headed hydra
  9938 | D:11     | Killed a nine-headed hydra
 10553 | D:12     | Reached **** piety under Trog
 10570 | D:12     | Reached skill level 10 in Fighting
 10582 | D:12     | Reached skill level 12 in Axes
 10582 | D:12     | HP: 2/106 [orc warrior/+0 mace (13)]
 10583 | D:12     | Slain by a worker ant

Vault maps used:
D:1:      minmay_arrival_five_plusses
D:2:      uniq_jessica
D:3:      lemuel_crystal_altar, okawaru_metal_pillars_1_2,
          nicolae_overflow_crystal_walls, nemelex_xobeh_ov_fountains_minmay,
          cheibrodos_sewer_entry_bend, uniq_sigmund
D:4:      minmay_inner_zag, dk_noncrumbling_4, hangedman_feature_mirror,
          corexii_checkpoint_a
D:5:      serial_shops, kennysheep_mini, shop, first_ration
D:6:      elyvilon_altar_5, lemuel_crystal_altar
D:7:      grunt_dithmenos_smoke, grunt_gozag_breadcrumbs,
          amethyst_overflow_temple_binary, minmay_temple_entry_proselytizer,
          wad_rectangle_vault
D:8:      basic_altar, grunt_pizzeria, uniq_psyche
D:9:      kennysheep_little_box, david_lair_shrubbed, serial_shops, shop
D:10:     kennysheep_generic_room_16
D:11:     erik_orc_4, nzn_random_ring, uniq_urug
D:12:     serial_shops, shop_scrolls, nicolae_shop_trees, shop
Temple:   minmay_freezing_vapour_temple
Sewer:    sewer_co_cracked_pipes

Skill      XL: |  1  2  3  4  5  6  7  8  9 10 11 12 |
---------------+-------------------------------------+-----
Shields        | 4 5 6 7 8 9 11 | 11.7
Armour         | 4 5 6 7 8 9 10 | 10.4
Fighting       | 4 5 6 7 8 9 10 | 10.0
Maces & Flails | 2 3 5 7 9 |  9.9
Dodging        | 1 2 3 4 5 6 |  6.0
Axes           | 6 10 12 | 12.0
Stealth        | 1 |  1.3

Action                   |  1- 3 |  4- 6 |  7- 9 | 10-12 || total
-------------------------+-------+-------+-------+-------++-------
Melee: Whip              |    74 |   150 |   369 |     2 ||   595
       War axe           |    10 |       |       |       ||    10
       Headbutt          |     6 |    22 |    64 |   111 ||   203
       Hand axe          |       |       |       |   329 ||   329
       Battleaxe         |       |       |       |   168 ||   168
Invok: Berserk           |       |       |     1 |     8 ||     9
       Trog's Hand       |       |       |       |     9 ||     9
  Use: Scroll            |     1 |       |    15 |    10 ||    26
       Potion            |       |       |       |     3 ||     3
  Eat: Chunk             |       |     3 |     8 |     9 ||    20
       Ration            |       |     1 |     1 |     6 ||     8
Armor: Scale mail        |    47 |    52 |    63 |   209 ||   371
Dodge: Dodged            |    23 |    30 |    91 |   249 ||   393
Block: Shield            |    52 |    71 |   164 |   176 ||   463

Table legend:
 A = Non-vault XP
 B = Vault XP
 C = Vault XP percentage of total XP
 D = Non-vault monster count
 E = Vault monster count
 F = Vault count percentage of total count
                 A         B        C        D         E       F
            +---------+---------+-------+---------+---------+-------
      Total |   18479 |    8227 |  30.8 |     276 |      65 |  19.1
            +---------+---------+-------+---------+---------+-------
        D:1 |      30 |       0 |   0.0 |      19 |       0 |   0.0
        D:2 |      22 |      37 |  62.7 |      11 |       1 |   8.3
        D:3 |     113 |     235 |  67.5 |      30 |       2 |   6.2
        D:4 |     529 |      55 |   9.4 |      20 |       5 |  20.0
        D:5 |     563 |       0 |   0.0 |      24 |       0 |   0.0
        D:6 |     741 |       0 |   0.0 |      16 |       0 |   0.0
        D:7 |    1074 |      88 |   7.6 |      15 |       6 |  28.6
        D:8 |     910 |     581 |  39.0 |      18 |       2 |  10.0
        D:9 |    2438 |     372 |  13.2 |      22 |       1 |   4.3
       D:10 |    3086 |     256 |   7.7 |      28 |       2 |   6.7
       D:11 |    4487 |    6565 |  59.4 |      42 |      34 |  44.7
       D:12 |    4486 |       0 |   0.0 |      31 |       0 |   0.0
      Sewer |       0 |      38 | 100.0 |       0 |      12 | 100.0
            +---------+---------+-------+---------+---------+-------
